General information
- name: BNet
- type: Ladder 1vs1/FFA
- host: Battle.net
- saver: AlmightyFars
map: MeltingValley
- players: 2
- length: 23:36
- speed: Fast
- version: 1.26 W3XP
- replay type: Public
» download(72 KB)
Players
team 1 (winner)
AlmightyFars (
teal | 94 APM | 2224 actions | 23:36)
6 Blood Mage
3 Flame Strike
2 Siphon Mana
1 Summon Phoenix
» actions
| Assign group hotkey | 226 | |
| Basic commands | 36 | |
| Build / train | 79 | |
| Enter build submenu | 34 | |
| Enter hero's abilities submenu | 5 | |
| Right click | 1131 | |
| Select / deselect | 374 | |
| Select group hotkey | 210 | |
| Use ability | 129 | |
2224 total
» units
| Peasant | 12 | |
| Footman | 9 | |
| Sorceress | 4 | |
| Mortar Team | 4 | |
29 total
» upgrades
| Masonry | 2 | |
| Sorceress Training | 1 | |
| Lumber Harvesting | 1 | |
| Magic Sentry | 1 | |
| Gunpowder | 1 | |
| Armor | 1 | |
7 total
» buildings
| Altar of Kings | 1 | |
| Barracks | 1 | |
| Farm | 4 | |
| Scout Tower | 18 | |
| Arcane Vault | 2 | |
| Keep | 1 | |
| Lumber Mill | 1 | |
| Arcane Tower | 2 | |
| Guard Tower | 6 | |
| Arcane Sanctum | 1 | |
| Blacksmith | 1 | |
| Workshop | 1 | |
| Town Hall | 1 | |
40 total
» build order
00:23 Altar of Kings
00:36 Barracks
00:41 Farm
01:02 Scout Tower
01:06 Farm
01:49 Farm
02:21 Arcane Vault
03:13 Farm
03:53 Keep
04:01 Lumber Mill
04:47 Arcane Tower
04:51 Scout Tower
04:51 Scout Tower
04:51 Scout Tower
05:25 Scout Tower
05:25 Scout Tower
05:26 Scout Tower
06:14 Guard Tower
06:15 Guard Tower
06:59 Arcane Vault
07:10 Scout Tower
07:10 Scout Tower
07:11 Scout Tower
07:50 Guard Tower
07:53 Arcane Sanctum
07:57 Scout Tower
08:36 Arcane Tower
09:55 Scout Tower
10:23 Guard Tower
10:52 Scout Tower
10:55 Scout Tower
11:52 Guard Tower
12:59 Blacksmith
15:55 Scout Tower
15:56 Scout Tower
15:57 Workshop
17:55 Scout Tower
17:56 Scout Tower
19:06 Guard Tower
22:15 Town Hall
» items
| Scroll of Regeneration | 9 | |
| Mechanical Critter | 1 | |
| Scroll of Town Portal | 2 | |
| Boots of Speed | 1 | |
| Staff of Teleportation | 1 | |
| Potion of Invisibility | 2 | |
| Potion of Mana | 3 | |
| Lesser Clarity Potion | 3 | |
| Potion of Healing | 4 | |
| Periapt of Vitality | 1 | |
27 total
team 2 (loser)
optimus_prime (
orange | 47 APM | 1116 actions | 23:34)
4 Firelord
2 Incinerate
2 Summon Lava Spawn
2 Archmage
1 Brilliance Aura
1 Summon Water Elemental
» actions
| Basic commands | 1 | |
| Build / train | 68 | |
| Enter build submenu | 15 | |
| Enter hero's abilities submenu | 6 | |
| Right click | 670 | |
| Select / deselect | 319 | |
| Use ability | 37 | |
1116 total
» units
| Peasant | 20 | |
| Footman | 8 | |
| Rifleman | 18 | |
| Forest Troll Shadow Priest | 1 | |
| Mortar Team | 7 | |
54 total
» upgrades
| Gunpowder | 1 | |
| Long Rifles | 1 | |
| Lumber Harvesting | 1 | |
| Flare | 1 | |
4 total
» buildings
| Barracks | 1 | |
| Farm | 7 | |
| Altar of Kings | 1 | |
| Scout Tower | 2 | |
| Arcane Tower | 1 | |
| Blacksmith | 1 | |
| Keep | 1 | |
| Lumber Mill | 1 | |
| Workshop | 1 | |
| Town Hall | 1 | |
17 total
» build order
00:08 Barracks
00:13 Farm
00:18 Farm
00:51 Altar of Kings
01:33 Scout Tower
01:57 Farm
02:04 Arcane Tower
02:40 Farm
02:50 Blacksmith
03:56 Farm
04:39 Farm
06:46 Keep
08:04 Farm
08:08 Lumber Mill
09:15 Workshop
12:14 Scout Tower
17:06 Town Hall
Chat log
(04:23 / All) AlmightyFars: mh
(04:26 / All) AlmightyFars: mh pos
(05:53 / All) optimus_prime: gg nubas !
(06:03 / All) AlmightyFars: gg mh
(06:21 / All) AlmightyFars: LOL
(06:23 / All) AlmightyFars: mh pos
(06:32 / All) optimus_prime: get out
(07:47 / All) AlmightyFars: how much your mh cost?
(09:41 / All) AlmightyFars: I am perfectly legitimate!
(23:30 / All) AlmightyFars: gg nub